Map: Ley Lines

Players

ShoWTimE - Winner!

  • Race: Protoss Protoss
  • League: Master
  • Spawn Location: 7:00

Moja

  • Race: Terran Terran
  • League: Grandmaster
  • Spawn Location: 1:00

Event: HomeStory Cup XXVI

VOD

Have the link to the VOD?

Description

Time

  • Played on: Nov. 29, 2024, 3:16 p.m.
  • Length: 14:38

All games in this series

Show
View Real Time Build Order
Export as new Build Order

ShoWTimE Protoss - Winner!

Build Orders: 1 Gate Expand, Blink Stalkers, Colossus Rush 

Get SALT Encoding   

  12  0:00  Probe  
  13  0:12  Probe  
  14  0:16  Pylon  
  14  0:24  Probe  
  15  0:32  Probe  
  15  0:34  Gateway  
  15  0:40  Probe  
  16  0:46  Assimilator  
  17  0:50  Probe  
  18  1:03  Probe  
  19  1:15  Probe  
  20  1:22  Nexus  
  20  1:32  Cybernetics Core  
  20  1:34  Probe  
  21  1:40  Assimilator  
  21  1:46  Probe  
  22  1:50  Pylon  
  21  1:58  Probe  
  21  1:59  Adept  
  22  2:09  Warp Gate  
  22  2:11  Probe  
  25  2:20  Twilight Council  
  25  2:22  Blink  
  25  2:23  Probe  
  25  2:25  Stalker  
  28  2:33  Probe  
  28  2:35  Probe  
  30  2:42  Gateway  
  30  2:45  Probe  
  30  2:48  Probe  
  32  3:00  Probe  
  32  3:02  Probe  
  34  3:12  Probe  
  35  3:14  Robotics Facility, Probe  
  36  3:24  Probe  
  36  3:26  Probe  
  37  3:27  Gateway  
  37  3:36  Probe  
  37  3:40  Probe  
  39  3:47  Nexus  
  39  3:49  Probe  
  39  3:53  Probe  
  39  3:55  Pylon  
  41  4:01  Stalker  
  41  4:02  Observer  
  44  4:04  Stalker  
  46  4:12  Pylon  
  46  4:13  Probe x2  
  48  4:17  Assimilator  
  48  4:21  Assimilator, Observer  
  49  4:25  Probe x2  
  49  4:26  Stalker  
  53  4:31  Stalker  
  53  4:35  Pylon  
  53  4:37  Probe x2  
  57  4:44  Observer  
  56  4:49  Probe x2  
  58  4:57  Probe  
  58  4:58  Robotics Bay, Probe  
  59  5:01  Probe  
  59  5:05  Probe  
  59  5:07  Probe  
  61  5:13  Forge, Probe  
  61  5:14  Probe  
  64  5:15  Charge  
  64  5:16  Probe  
  66  5:25  Probe  
  66  5:26  Probe  
  66  5:28  Probe  
  69  5:30  Gateway  
  69  5:33  Gateway  
  69  5:36  Colossus  
  69  5:38  Probe x2  
  69  5:39  Stalker  
  69  5:40  Probe  
  80  5:50  Probe  
  80  5:51  Stalker  
  80  5:52  Protoss Ground Weapons Level 1  
  83  6:01  Observer  
  83  6:02  Sentry  
  83  6:04  Extended Thermal Lance  
  83  6:06  Pylon  
  83  6:16  Pylon, Colossus  
  83  6:19  Observer  
  83  6:20  Gateway  
  83  6:22  Gateway  
  83  6:27  Probe  
  90  6:33  Gateway  
  90  6:36  Shield Battery, Pylon  
  90  6:39  Zealot x4, Sentry  
  99  6:42  Probe  
  100  6:47  Pylon  
  100  6:51  Pylon  
  100  6:59  Colossus  
  100  7:02  Nexus  
  100  7:05  Zealot x2, Sentry  
  106  7:09  Pylon  
  106  7:13  Zealot  
  106  7:14  Zealot  
  106  7:15  Shield Battery  
  116  7:17  Zealot x2  
  116  7:19  Probe  
  116  7:20  Protoss Ground Weapons Level 2, Probe  
  116  7:22  Observer, Probe  
  123  7:31  Probe  
  123  7:32  Zealot x4  
  123  7:34  Pylon  
  123  7:36  Pylon  
  132  7:44  Warp Prism  
  132  7:48  Robotics Facility  
  132  7:56  Probe  
  132  7:57  Probe x2  
  137  7:58  Forge  
  137  8:01  Shield Battery  
  137  8:03  Zealot x3  
  143  8:08  Zealot  
  143  8:09  Zealot x2  
  143  8:12  Disruptor, Protoss Ground Armor Level 1  
  149  8:14  Pylon  
  147  8:23  Zealot x3  
  157  8:35  Pylon  
  157  8:37  Pylon  
  157  8:45  Disruptor  
  157  8:48  Disruptor  
  165  8:53  Probe  
  166  9:00  Pylon  
  166  9:02  Pylon  
  156  9:17  Zealot x8  
  156  9:18  Gateway  
  156  9:19  Gateway, Protoss Ground Weapons Level 3  
  156  9:21  Disruptor, Gateway  
  156  9:24  Gateway  
  174  9:25  Disruptor, Gateway  
  174  9:29  Probe  
  179  9:42  Stalker x7, Pylon, Zealot  
  193  9:47  Nexus  
  193  9:58  Dark Shrine  
  193  9:59  Assimilator  
  193  10:03  Pylon  
  193  10:05  Photon Cannon  
  193  10:07  Shield Battery  
  193  10:09  Zealot x3  
  193  10:12  Gravitic Drive  
  193  10:13  Pylon  
  199  10:30  Protoss Ground Armor Level 2  
  195  10:49  Gateway  
  195  10:53  Gateway  
  191  10:59  Gateway  
  191  11:00  Gateway  
  191  11:06  Zealot x7  
  189  11:14  Shadow Stride  
  183  11:23  Pylon  
  183  11:32  Zealot x6, Dark Templar x3  
  199  11:46  Zealot  
  199  11:47  Nexus  
  199  11:49  Gravitic Boosters  
  189  11:59  Dark Templar  
  189  12:05  Dark Templar x2  
  189  12:06  Zealot x5  
  197  12:13  Dark Templar  
  168  12:34  Pylon  
  168  12:35  Pylon x2  
  153  12:46  Archon  
  140  12:52  Zealot  
  140  12:53  Zealot  
  140  12:55  Photon Cannon  
  140  12:57  Photon Cannon  
  138  12:58  Photon Cannon  
  138  13:00  Dark Templar x3, Photon Cannon  
  138  13:01  Zealot x2  
  138  13:02  Photon Cannon  
  138  13:03  Photon Cannon  
  138  13:04  Photon Cannon  
  148  13:07  Photon Cannon  
  148  13:10  Photon Cannon  
  148  13:12  Photon Cannon  
  138  13:31  Gateway  
  138  13:33  Gateway  
  138  13:37  Cybernetics Core  
  138  13:41  Pylon  
Show
View Real Time Build Order
Export as new Build Order

Moja Terran 

Build Orders:  

Get SALT Encoding   

  12  0:00  SCV  
  13  0:12  SCV  
  14  0:17  Supply Depot  
  14  0:24  SCV  
  15  0:39  SCV  
  15  0:40  Barracks  
  16  0:44  Refinery  
  16  0:51  SCV  
  17  1:03  SCV  
  18  1:15  SCV  
  19  1:27  Orbital Command, Marine  
  20  1:42  Command Center  
  20  1:45  Barracks Reactor  
  20  1:52  SCV  
  21  1:55  Supply Depot  
  21  2:05  SCV  
  21  2:07  Factory  
  22  2:17  SCV  
  22  2:21  Marine, Bunker  
  22  2:22  Reaper  
  25  2:26  Refinery  
  25  2:29  SCV  
  26  2:39  Marine  
  26  2:41  SCV  
  28  2:53  SCV  
  28  2:55  Orbital Command, Starport  
  28  2:57  Marine  
  30  3:02  Marine  
  30  3:04  Widow Mine  
  33  3:06  SCV  
  34  3:15  Marine  
  35  3:20  Marine  
  35  3:24  SCV x2  
  35  3:27  Factory Tech Lab  
  38  3:29  Widow Mine  
  38  3:32  Supply Depot  
  38  3:33  Marine  
  41  3:35  Medivac  
  41  3:37  SCV  
  41  3:38  SCV, Marine  
  46  3:44  Supply Depot  
  46  3:50  Factory Tech Lab  
  46  3:53  Supply Depot  
  46  3:54  SCV x2  
  46  3:55  Marine x2  
  50  4:06  SCV x2  
  50  4:07  Starport Tech Lab  
  50  4:09  Siege Tank  
  55  4:14  Marine  
  55  4:15  Marine  
  57  4:18  SCV x2  
  57  4:20  Barracks  
  59  4:25  Supply Depot  
  59  4:27  Raven  
  59  4:30  SCV, Refinery  
  63  4:31  SCV  
  63  4:42  SCV  
  63  4:43  SCV  
  63  4:48  Marine x2  
  63  4:49  Barracks  
  63  4:54  SCV  
  63  4:55  SCV  
  63  4:56  Engineering Bay  
  65  5:03  Supply Depot  
  65  5:06  SCV  
  66  5:07  SCV  
  67  5:17  Stimpack  
  67  5:18  Starport Reactor, Marauder, Marine  
  67  5:19  SCV x2, Marine  
  73  5:22  Supply Depot  
  73  5:24  Terran Infantry Weapons Level 1  
  75  5:36  Combat Shield, Marine x2  
  75  5:37  Marauder  
  75  5:39  Marauder  
  79  5:43  Command Center  
  79  5:51  SCV  
  79  5:56  Marine x2, Medivac x2  
  86  6:00  Supply Depot  
  86  6:02  Refinery  
  87  6:04  Factory Reactor  
  87  6:05  Barracks, Marauder  
  87  6:06  Marauder  
  90  6:11  Barracks  
  90  6:19  Marine x2  
  90  6:20  SCV x2  
  90  6:22  Supply Depot  
  94  6:27  Marauder  
  94  6:28  Marauder  
  98  6:37  Marine  
  99  6:40  Marine  
  99  6:41  SCV x2  
  99  6:44  Medivac x2  
  106  6:48  Marauder  
  106  6:49  Marauder  
  110  6:54  SCV x2  
  112  7:01  Marine  
  112  7:05  Barracks Tech Lab  
  112  7:06  SCV  
  112  7:07  SCV  
  115  7:09  Marauder  
  115  7:10  Marauder  
  115  7:11  Marine  
  115  7:12  Marine  
  121  7:18  Marine  
  121  7:21  Marine  
  123  7:23  Orbital Command, Terran Infantry Armor Level 1  
  123  7:25  SCV  
  123  7:26  SCV  
  125  7:35  Armory  
  125  7:38  Engineering Bay  
  125  7:43  Marine  
  125  7:47  Marine  
  125  7:52  Refinery  
  125  7:55  Supply Depot, Marine, Marauder x3  
  125  7:56  Supply Depot x2  
  132  8:08  Concussive Shells  
  132  8:09  Marine  
  133  8:17  SCV x2, Marine x2, Marauder, Medivac  
  133  8:18  Marauder x2  
  147  8:21  Marine  
  147  8:22  Barracks x2  
  147  8:23  Barracks  
  146  8:30  Marine  
  147  8:37  Marine  
  147  8:38  Marauder  
  147  8:39  SCV, Marauder x2  
  147  8:41  Supply Depot, Terran Infantry Weapons Level 2  
  155  8:42  Supply Depot  
  155  8:48  Marine  
  156  8:49  SCV, Bunker  
  156  8:54  Supply Depot  
  156  8:55  Supply Depot  
  156  9:03  Marauder x2  
  159  9:10  Barracks Tech Lab  
  159  9:11  Barracks Tech Lab  
  159  9:12  Marine  
  159  9:13  Marauder  
  159  9:15  SCV  
  160  9:17  Command Center  
  160  9:21  Terran Infantry Armor Level 2  
  160  9:22  Ghost Academy  
  160  9:23  SCV  
  161  9:26  SCV, Refinery  
  161  9:27  SCV  
  161  9:28  Barracks Tech Lab, Marauder x2  
  161  9:29  Marine, Marauder  
  170  9:33  Marine, Marauder  
  173  9:42  Marine  
  173  9:43  Marauder  
  173  9:44  Terran Vehicle And Ship Armor Level 1, Medivac x2  
  178  9:48  Marine  
  178  9:49  Marauder  
  181  9:57  Supply Depot  
  193  10:05  Missile Turret  
  191  10:21  Unknown x2  
  191  10:24  Marine  
  191  10:25  Marauder  
  191  10:26  Unknown x2  
  198  10:41  Marauder  
  200  10:52  Unknown  
  200  10:53  Unknown, Barracks  
  200  10:54  Barracks  
  200  10:56  Barracks  
  200  11:05  Command Center  
  191  11:14  Marine  
  191  11:15  Marauder  
  191  11:16  Marine, Marauder x2  
  188  11:19  Marine  
  188  11:20  Marauder x3  
  188  11:25  Medivac x2  
  197  11:31  Marine, Missile Turret  
  197  11:32  Missile Turret  
  198  11:33  Missile Turret  
  198  11:34  Missile Turret  
  198  11:36  Marauder  
  200  11:40  Marine, Marauder  
  200  11:41  Marine  
  200  11:42  Marauder x2  
  200  11:43  Barracks Tech Lab x3  
  200  11:46  Marine, Marauder  
  189  11:56  Planetary Fortress  
  188  12:02  Marine  
  188  12:03  Marauder  
  191  12:12  Marine, Marauder  
  191  12:13  Marine  
  191  12:14  Marauder x2  
  166  12:23  Viking x2  
  166  12:24  Marauder  
  168  12:35  Marine  
Tags
 
Add a new tag
Caveats
  • Supply blocks, unpowered buildings, or Contaminate may cause inaccurate times.
  • Supply counts are checked every 10 seconds.